Map: Efflorescence LE

Players

Zazius

  • Race: Protoss Protoss
  • League: Bronze
  • Spawn Location: 3:00

Zinkering

  • Race: Protoss Protoss
  • Spawn Location: 12:00

Subwaymaker - Winner!

  • Race: Protoss Protoss
  • League: Gold
  • Spawn Location: 9:00

Mesrob - Winner!

  • Race: Terran Terran
  • League: Platinum
  • Spawn Location: 6:00

VOD

Have the link to the VOD?

Description

Time

  • Played on: March 15, 2019, 7:50 p.m.
  • Length: 16:44
Show
View Real Time Build Order
Export as new Build Order

Zazius Protoss 

Build Orders: Oracle Opening 

Get SALT Encoding   

  12  0:01  Probe  
  13  0:15  Pylon  
  13  0:20  Probe  
  14  0:35  Gateway  
  14  0:36  Probe  
  15  0:48  Pylon  
  15  0:49  Probe  
  16  1:01  Probe  
  16  1:03  Assimilator  
  17  1:13  Probe  
  18  1:23  Probe  
  19  1:26  Cybernetics Core  
  19  1:31  Probe  
  19  1:39  Probe  
  21  1:51  Probe  
  21  1:52  Assimilator  
  22  1:54  Adept  
  24  2:16  Probe  
  25  2:23  Adept  
  25  2:28  Probe  
  28  2:39  Probe  
  28  2:41  Stargate  
  29  2:47  Probe  
  29  2:55  Probe  
  30  2:59  Nexus  
  31  3:18  Pylon  
  31  3:28  Pylon  
  31  3:36  Oracle, Probe  
  31  3:40  Fleet Beacon  
  32  3:48  Probe  
  36  3:51  Warp Gate  
  36  4:00  Probe  
  37  4:12  Probe  
  38  4:19  Oracle  
  41  4:24  Probe  
  42  4:36  Probe  
  40  5:10  Gateway  
  40  5:12  Pylon  
  46  5:14  Carrier  
  46  5:37  Gateway  
  46  5:39  Gateway  
  46  5:49  Stalker  
  48  5:59  Probe  
  49  6:08  Probe  
  49  6:09  Stalker  
  51  6:14  Stalker  
  51  6:17  Probe  
  54  6:20  Void Ray  
  55  6:29  Probe  
  60  6:39  Assimilator  
  60  6:41  Assimilator, Probe  
  61  6:53  Probe  
  62  7:03  Void Ray  
  62  7:05  Probe  
  64  7:18  Probe  
  65  7:43  Stalker  
  65  7:44  Stalker  
  69  7:49  Pylon  
  69  7:51  Pylon  
  69  7:54  Pylon  
  69  8:06  Void Ray  
  71  8:49  Void Ray  
  59  9:36  Void Ray  
  53  9:52  Stalker  
  53  9:53  Stalker x3  
  61  10:17  Stargate  
  61  10:18  Nexus  
  61  10:19  Void Ray  
  65  10:47  Stalker x3  
  65  10:48  Stalker  
  73  11:00  Carrier  
  79  11:13  Pylon  
  79  11:21  Forge  
  79  11:27  Pylon  
  79  11:30  Probe  
  79  11:38  Probe  
  80  11:46  Carrier  
  81  11:48  Probe  
  82  11:54  Mothership  
  83  12:06  Carrier  
  102  12:27  Stalker x3  
  102  12:28  Stalker  
  110  12:34  Protoss Air Weapons Level 1  
  110  12:39  Pylon  
  110  12:44  Photon Cannon  
  110  12:45  Photon Cannon  
  110  12:47  Photon Cannon  
  110  12:49  Photon Cannon  
  110  12:50  Photon Cannon  
  110  12:57  Shield Battery  
  110  13:05  Shield Battery  
  110  13:26  Stalker x3  
  110  13:27  Stalker  
  118  13:28  Void Ray  
  118  13:38  Void Ray  
  126  14:10  Void Ray  
  130  14:26  Void Ray  
  62  14:53  Void Ray  
  40  15:37  Stalker  
  40  15:38  Stalker x3  
  40  15:41  Void Ray x2  
Show
View Real Time Build Order
Export as new Build Order

Zinkering Protoss 

Build Orders: Oracle Opening 

Get SALT Encoding   

  12  0:00  Probe  
  13  0:13  Probe  
  14  0:18  Pylon  
  14  0:25  Probe  
  15  0:36  Gateway  
  15  0:38  Probe  
  16  0:46  Assimilator  
  16  0:51  Probe  
  16  0:55  Assimilator  
  17  1:03  Probe  
  18  1:15  Probe  
  19  1:25  Cybernetics Core  
  19  1:28  Gateway  
  19  1:39  Warp Gate  
  19  1:43  Pylon  
  19  1:45  Probe  
  20  1:57  Probe  
  21  2:09  Probe  
  21  2:14  Stargate  
  22  2:19  Adept  
  22  2:21  Probe  
  25  2:31  Pylon, Gateway  
  25  2:33  Probe  
  26  2:45  Pylon  
  26  2:48  Oracle  
  29  3:22  Pylon  
  29  3:25  Oracle  
  32  3:40  Stalker x2  
  36  3:41  Stalker  
  38  3:56  Gateway  
  38  3:58  Pylon  
  38  4:36  Stalker x3  
  38  5:00  Stalker x4  
  46  5:08  Nexus  
  36  5:30  Stalker  
  36  5:31  Stalker x2  
  42  5:39  Stalker  
  42  5:42  Probe  
  45  5:50  Probe  
  45  5:54  Pylon  
  46  6:04  Stalker  
  46  6:06  Sentry  
  46  6:09  Sentry  
  52  6:21  Stalker  
  52  6:24  Probe x2  
  54  6:32  Probe x2  
  56  6:38  Assimilator  
  58  6:46  Pylon, Stalker  
  60  6:48  Sentry  
  54  7:37  Stalker x4  
  56  7:39  Probe x2  
  64  7:47  Probe x2  
  65  7:56  Probe  
  66  8:01  Stalker x4  
  66  8:04  Gateway  
  75  8:06  Forge  
  75  8:32  Stalker x3  
  61  9:19  Stalker x4  
  63  9:47  Stalker x2  
  63  9:48  Stalker x2  
  71  9:59  Gateway  
  71  10:01  Gateway  
  71  10:06  Probe  
  71  10:08  Assimilator, Probe  
  71  10:09  Protoss Ground Weapons Level 1  
  73  10:14  Probe  
  73  10:20  Probe  
  75  10:32  Probe  
  75  10:33  Protoss Air Weapons Level 1  
  76  10:57  Zealot x5  
  86  11:10  Twilight Council  
  86  11:19  Pylon  
  86  11:21  Pylon  
  86  11:25  Pylon  
  86  11:27  Pylon  
  86  11:39  Phoenix  
  88  11:45  Protoss Ground Armor Level 1  
  88  11:49  Charge  
  88  11:57  Robotics Facility  
  88  11:59  Robotics Facility  
  88  12:02  Stalker x6  
  88  12:04  Phoenix  
  102  12:31  Protoss Air Armor Level 1  
  102  12:43  Nexus  
  102  12:47  Assimilator, Immortal  
  102  12:49  Immortal  
  102  12:51  Assimilator  
  110  12:53  Pylon  
  110  12:56  Pylon  
  110  12:57  Zealot  
  110  12:58  Zealot x3  
  118  13:18  Zealot x6  
  118  13:19  Zealot  
  132  13:36  Protoss Ground Weapons Level 2  
  132  13:39  Blink  
  132  13:55  Immortal  
  98  14:40  Stalker x2  
  98  14:41  Stalker x5  
  58  15:07  Stalker  
  58  15:08  Stalker x2  
  58  15:09  Stalker x4  
  64  15:44  Stalker  
  64  15:45  Stalker x5  
  64  15:46  Stalker  
Show
View Real Time Build Order
Export as new Build Order

Subwaymaker Protoss - Winner!

Build Orders: Oracle Opening 

Get SALT Encoding   

  12  0:01  Probe  
  13  0:16  Pylon  
  13  0:29  Probe  
  14  0:37  Probe, Gateway  
  14  0:39  Assimilator  
  15  0:46  Probe  
  16  0:55  Probe  
  17  1:07  Probe  
  18  1:13  Pylon  
  18  1:15  Assimilator, Probe  
  18  1:23  Probe  
  19  1:27  Cybernetics Core  
  20  1:38  Pylon  
  20  1:39  Probe  
  21  1:51  Probe  
  22  2:03  Probe  
  23  2:14  Stargate  
  23  2:31  Pylon  
  23  2:33  Gateway  
  23  2:42  Nexus  
  23  2:47  Pylon  
  23  2:50  Probe  
  23  2:58  Probe  
  24  3:03  Oracle  
  28  3:07  Probe  
  28  3:11  Stalker  
  31  3:26  Probe  
  31  3:32  Twilight Council  
  32  3:34  Probe  
  35  3:41  Sentry  
  35  3:44  Probe  
  36  3:53  Warp Gate  
  36  3:55  Void Ray  
  40  3:56  Probe  
  40  3:57  Probe  
  42  4:05  Probe  
  42  4:08  Probe  
  44  4:13  Probe  
  40  4:20  Probe  
  41  4:29  Probe  
  42  4:32  Probe  
  43  4:41  Probe  
  43  4:44  Probe  
  45  4:46  Stalker x2  
  45  4:53  Probe  
  45  4:54  Probe  
  47  5:02  Probe  
  47  5:05  Probe  
  47  5:06  Blink  
  49  5:11  Probe  
  49  5:16  Assimilator  
  49  5:17  Probe  
  49  5:20  Assimilator  
  51  5:24  Pylon  
  51  5:36  Void Ray  
  51  5:42  Zealot x2  
  59  5:47  Probe  
  60  5:50  Probe  
  61  5:58  Gateway  
  61  6:00  Gateway  
  61  6:02  Probe  
  62  6:06  Pylon, Stalker  
  62  6:07  Stalker  
  66  6:13  Probe  
  67  6:21  Probe  
  68  6:25  Probe  
  68  6:29  Probe  
  68  6:32  Stalker x2  
  73  6:36  Void Ray, Protoss Air Weapons Level 1  
  73  6:37  Probe  
  79  6:41  Probe  
  80  6:47  Charge  
  80  7:14  Zealot  
  80  7:15  Zealot x2, Nexus  
  86  7:17  Pylon  
  83  7:31  Void Ray  
  83  7:34  Zealot  
  85  7:59  Cybernetics Core  
  85  8:02  Stargate  
  85  8:09  Stargate  
  85  8:11  Stargate  
  85  8:14  Void Ray, Sentry  
  85  8:15  Sentry  
  93  8:20  Probe  
  93  8:23  Pylon  
  94  8:27  Pylon  
  94  8:31  Pylon  
  94  8:40  Stalker x4  
  93  9:07  Void Ray  
  93  9:08  Void Ray  
  93  9:13  Void Ray  
  99  9:26  Void Ray  
  99  9:31  Zealot  
  99  9:32  Zealot x3  
  99  9:33  Protoss Air Armor Level 1  
  107  10:08  Pylon  
  107  10:10  Pylon  
  107  10:12  Probe x2  
  109  10:24  Probe  
  109  10:25  Nexus  
  109  10:26  Pylon, Void Ray x2  
  118  10:28  Probe  
  118  10:30  Pylon  
  118  10:34  Assimilator  
  119  10:36  Probe  
  119  10:38  Assimilator  
  119  10:41  Probe  
  121  10:48  Probe  
  122  10:53  Probe  
  122  10:56  Fleet Beacon  
  123  10:58  Probe  
  123  11:00  Void Ray x2  
  123  11:03  Pylon, Probe  
  132  11:06  Probe  
  134  11:11  Probe  
  134  11:15  Probe  
  135  11:20  Probe  
  137  11:27  Probe  
  137  11:31  Probe  
  139  11:39  Probe  
  140  11:43  Probe  
  141  11:50  Pylon  
  141  11:51  Probe  
  142  11:54  Templar Archives  
  142  11:55  Probe  
  142  11:56  Gateway  
  142  11:57  Gateway  
  142  11:59  Gateway  
  143  12:03  Probe x2  
  143  12:07  Probe  
  146  12:11  Void Ray, Protoss Air Weapons Level 2  
  146  12:12  Void Ray, Dark Shrine  
  146  12:14  Void Ray  
  146  12:15  Probe  
  159  12:17  Protoss Air Armor Level 2  
  159  13:04  High Templar x3  
  165  13:09  Pylon, Psionic Storm  
  165  13:14  Pylon, Zealot, Nexus  
  165  13:16  Assimilator  
  165  13:17  Pylon  
  165  13:18  Assimilator  
  167  13:31  Forge  
  167  13:32  Forge  
  167  13:35  Pylon  
  167  13:37  Pylon  
  167  13:38  Dark Templar  
  167  13:39  Dark Templar x3, Pylon  
  175  13:54  Tempest  
  175  13:55  Tempest  
  180  13:56  Tempest  
  180  13:57  Tempest  
  195  14:11  Gateway  
  195  14:13  Pylon, Gateway  
  195  14:18  Gateway  
  195  14:19  Gateway  
  195  14:24  Shield Battery  
  195  14:26  Shield Battery  
  195  14:27  Photon Cannon  
  139  14:58  Dark Templar x4  
  147  15:00  Void Ray x2  
  147  15:01  Void Ray x2  
  163  15:36  High Templar x2  
  163  15:37  High Templar  
  163  15:38  Zealot  
  169  15:43  Void Ray x3  
  169  15:44  Void Ray  
Show
View Real Time Build Order
Export as new Build Order

Mesrob Terran - Winner!

Build Orders: 2 Factory, Mech 

Get SALT Encoding   

  12  0:00  SCV  
  13  0:12  SCV  
  14  0:25  SCV  
  15  0:29  Supply Depot  
  15  0:48  Refinery  
  15  0:51  SCV  
  15  0:53  Barracks  
  16  1:03  SCV  
  17  1:15  SCV  
  18  1:27  SCV  
  19  1:38  Command Center  
  19  1:42  Orbital Command  
  19  1:53  Marine  
  20  1:55  Refinery  
  20  2:08  SCV  
  21  2:14  Factory  
  21  2:15  Barracks Tech Lab  
  21  2:23  Engineering Bay  
  21  2:24  SCV  
  22  2:48  SCV  
  23  2:53  Orbital Command  
  23  3:00  SCV  
  23  3:05  Factory  
  24  3:08  Siege Tank  
  24  3:11  Marine  
  28  3:13  SCV  
  29  3:25  SCV  
  29  3:26  Armory  
  30  3:29  SCV  
  31  3:37  SCV  
  31  3:40  Siege Tank  
  35  3:41  SCV  
  36  3:49  SCV  
  36  3:53  SCV  
  38  4:00  Refinery  
  38  4:04  Refinery, Supply Depot  
  38  4:09  Supply Depot  
  38  4:13  Factory Tech Lab  
  38  4:25  Marine  
  38  4:26  SCV x2  
  38  4:29  Missile Turret  
  41  4:38  SCV x2  
  43  4:42  Missile Turret  
  43  4:45  Supply Depot  
  43  4:50  SCV x2  
  45  4:57  Missile Turret  
  45  5:01  Marine  
  45  5:02  SCV x2  
  45  5:04  Thor  
  45  5:07  Siege Tank  
  57  5:10  Supply Depot  
  57  5:14  SCV x2  
  57  5:15  Terran Vehicle Weapons Level 1  
  57  5:19  Missile Turret  
  56  5:26  SCV  
  51  5:31  Marine  
  52  5:37  SCV  
  52  5:38  SCV  
  54  5:45  Supply Depot  
  54  5:49  SCV  
  55  5:50  SCV  
  56  5:58  Factory x2  
  56  6:01  SCV  
  56  6:03  SCV  
  58  6:06  Siege Tank  
  61  6:12  Supply Depot  
  61  6:13  SCV  
  61  6:15  Hellion, SCV  
  66  6:25  SCV  
  66  6:27  SCV  
  67  6:35  Supply Depot  
  67  6:37  SCV  
  68  6:42  Command Center  
  68  6:44  SCV  
  69  6:49  Factory Reactor, SCV  
  69  6:50  Factory Tech Lab  
  70  6:56  SCV  
  70  6:57  Command Center  
  70  6:59  Supply Depot  
  61  7:23  Thor  
  61  7:24  Thor  
  73  7:36  Thor  
  79  7:48  Terran Vehicle And Ship Armor Level 1  
  79  8:00  Hellbat x2  
  83  8:06  Thor  
  89  8:14  Planetary Fortress  
  89  8:22  Sensor Tower  
  89  8:24  SCV x2  
  91  8:27  Thor x2  
  102  8:36  SCV x2  
  96  9:16  Thor x2  
  104  9:53  Refinery  
  104  9:55  Terran Vehicle Weapons Level 2  
  104  9:56  Refinery  
  104  9:58  Thor  
  104  9:59  Hellbat x2  
  114  10:10  Command Center  
  114  10:44  SCV  
  114  10:45  SCV  
  114  10:46  SCV  
  117  11:13  Command Center  
  117  11:21  SCV x3, Thor x2  
  117  11:25  Refinery  
  132  11:27  Sensor Tower  
  132  11:51  Refinery, Factory x2, Missile Turret  
  132  12:19  Missile Turret  
  132  12:24  Thor x2  
  132  12:25  SCV x3  
  147  12:31  Refinery  
  147  12:33  Planetary Fortress, Supply Depot  
  147  12:36  Factory  
  147  12:38  Planetary Fortress  
  147  12:42  Missile Turret  
  147  12:47  Supply Depot  
  147  12:54  SCV x2, Thor  
  147  12:55  Supply Depot  
  147  12:57  Refinery  
  155  13:03  Missile Turret  
  155  13:09  Hellbat x4  
  163  13:13  Factory Reactor  
  163  13:14  Supply Depot, Factory Reactor  
  163  13:17  SCV x3  
  166  13:22  Supply Depot  
  166  13:29  SCV x3  
  166  13:30  Hellbat, Missile Turret  
  166  13:32  Starport  
  171  13:36  Starport, Hellbat  
  171  13:39  Starport  
  175  13:41  SCV x2  
  175  13:42  Supply Depot  
  175  13:50  Supply Depot  
  175  13:51  Supply Depot  
  175  14:06  Supply Depot  
  175  14:10  Starport  
  175  14:13  Starport  
  175  14:14  Supply Depot  
  175  14:16  Starport  
  161  14:31  Supply Depot  
  161  14:35  Thor  
  161  14:36  Thor x2  
  161  14:38  Factory Tech Lab  
  157  14:39  Hellbat x3  
  157  14:40  Hellbat x3  
  157  14:44  Command Center  
  155  14:52  Command Center  
  145  15:05  Supply Depot  
  145  15:15  Thor  
  145  15:17  Hellbat x6  
  145  15:18  Thor x3  
  181  15:22  Starport Tech Lab x4  
  181  15:23  Starport Tech Lab x2  
  181  15:27  Armory  
  171  15:38  Hellbat  
  167  15:58  Thor  
Tags
 
Add a new tag
Caveats
  • Supply blocks, unpowered buildings, or Contaminate may cause inaccurate times.
  • Supply counts are checked every 10 seconds.